 Dungeon Crawl Stone Soup version 0.25-a0-404-gc1b5a34292 (webtiles) character file.

Game seed: 10150545698846901069, levelgen mode: deterministic

46 DeadFury222 the Chopper (level 3, 0/34 HPs)
             Began as a Hill Orc Monk on Jan 10, 2020.
             Slain by a gnoll
             ... wielding a +0 flail
              (6 damage)
             ... on level 2 of the Dungeon.
             The game lasted 00:04:28 (1188 turns).

DeadFury222 the Chopper (Hill Orc Monk)             Turns: 1188, Time: 00:04:28

Health: 0/34       AC:  2    Str: 14    XL:     3   Next: 66%
Magic:  3/3        EV:  8    Int: 10    God:
Gold:   44         SH: 10    Dex: 13    Spells: 2/2 levels left

rFire    . . .     SeeInvis .   a - +0 hand axe
rCold    . . .     Gourm    .   o - +0 large shield
rNeg     . . .     Faith    .   b - +0 robe
rPois    .         Spirit   .   (no helmet)
rElec    .         Reflect  .   (no cloak)
rCorr    .         Harm     .   (no gloves)
MR       .....                  (no boots)
Stlth    ++........             (no amulet)
HPRegen  0.11/turn              (no ring)
MPRegen  0.08/turn              (no ring)

@: no status effects
A: no striking features
a: no special abilities


You were on level 2 of the Dungeon.
You were not hungry.

You visited 1 branch of the dungeon, and saw 2 of its levels.

You collected 44 gold pieces.

Inventory:

Hand Weapons
 a - a +0 hand axe (weapon)
 d - a +0 hand axe
Missiles
 j - 22 stones (quivered)
Armour
 b - a +0 robe (worn)
 o - a +0 large shield (worn)
Jewellery
 m - a +6 ring of slaying {unknown}
Scrolls
 e - 4 scrolls of identify {unknown}
 g - 2 scrolls of remove curse {unknown}
 l - 2 scrolls of random uselessness {unknown}
Potions
 h - a potion of degeneration {unknown}
 i - a potion of brilliance {unknown}
 k - a potion of heal wounds {unknown}
 n - a potion of mutation {unknown}
 p - a potion of lignification {unknown}
Comestibles
 c - 4 rations


   Skills:
 + Level 4.4 Fighting
 + Level 5.0 Axes
 * Level 0.2 Armour
 - Level 2.5 Dodging
 - Level 1.6 Stealth
 * Level 0.2 Shields


You had 2 spell levels left.
You didn't know any spells.
Your spell library was empty.

Dungeon Overview and Level Annotations

Branches:
Dungeon (2/15)

Altars:
Hepliaklqana


Message History

You hit the gnoll but do no damage.
The gnoll is moderately wounded.
Your shield prevents you from hitting the gnoll.
The gnoll is moderately wounded.
You block the gnoll's attack.
You hit the gnoll.
The gnoll is heavily wounded.
You closely miss the gnoll. The gnoll closely misses you.
The gnoll hits you with a +0 flail!
* * * LOW HITPOINT WARNING * * *
You block the gnoll's attack.
All of the chunks of flesh in your inventory have rotted away.
You hit the gnoll.
The gnoll is severely wounded.
Your shield prevents you from hitting the gnoll.
You block the gnoll's attack.
You closely miss the gnoll.
The gnoll is severely wounded.
You barely miss the gnoll. The gnoll hits you with a +0 flail.
You die...

#.##############
#.####.......#
.....#.......#
#..#.#.......#
#..#.#.......#
#....#.......#
#)...#.......#
.#...#.......#####
.#...+.........g@#
.#...#.......###g#
.#...........# #.#
.............###.#
##.#...........#.#
.....>.........#.#
##.###.........%.#
... +.........###
.#. #....?....#


You could see 2 gnolls.

Vanquished Creatures
  A gnoll (D:2)
  4 leopard geckos
  2 bats
  3 giant cockroaches
  3 goblins (D:1)
  5 hobgoblins
  2 jackals (D:1)
  2 kobolds
  2 ball pythons
  6 rats
30 creatures vanquished.

Notes
Turn   | Place    | Note
-------+----------+-------------------------------------------
     0 | D:1      | DeadFury222 the Hill Orc Monk began the quest for the Orb.
     0 | D:1      | Reached XP level 1. HP: 19/19 MP: 1/1
    52 | D:1      | Reached XP level 2. HP: 13/27 MP: 2/2
   612 | D:2      | Reached XP level 3. HP: 30/33 MP: 3/3
   739 | D:2      | Found a hazy altar of Hepliaklqana.
   965 | D:2      | Reached skill level 5 in Axes
  1188 | D:2      | Slain by a gnoll

Levels and vault maps discovered:
D:1:      giann_bridges, layout_rooms
D:2:      layout_basic, lemuel_doored_altar, first_ration,
          chequers_serial_rivers_small_3, lemuel_altar_in_water

Skill      XL: |  1  2  3 |
---------------+----------+-----
Fighting       | 4 |  4.4
Axes           | 5 |  5.0
Armour         | |  0.2
Dodging        | |  2.5
Stealth        | |  1.6
Shields        | |  0.2

Action                   || total
-------------------------++-------
Melee: Hand axe          ||   106
Throw: Stone             ||    18
  Eat: Chunk             ||     1
Armor: Robe              ||    13
Dodge: Dodged            ||    60
Block: Large shield      ||    15

Table legend:
 A = Non-vault XP
 B = Vault XP
 C = Vault XP percentage of total XP
 D = Non-vault monster count
 E = Vault monster count
 F = Vault count percentage of total count
                 A         B        C        D         E       F
            +---------+---------+-------+---------+---------+-------
      Total |      66 |       0 |   0.0 |      30 |       0 |   0.0
            +---------+---------+-------+---------+---------+-------
        D:1 |      33 |       0 |   0.0 |      19 |       0 |   0.0
        D:2 |      33 |       0 |   0.0 |      11 |       0 |   0.0
            +---------+---------+-------+---------+---------+-------
